 Dungeon Crawl Stone Soup version 0.24.1 (webtiles) character file.

Game seed: 7791467939080405284, levelgen mode: deterministic

274 Peloso the Shield-Bearer (level 6, 0/53 HPs)
             Began as a Minotaur Fighter on Mar 24, 2020.
             Slain by a centaur
             ... wielding a +0 hand axe
              (5 damage)
             ... on level 4 of the Dungeon.
             The game lasted 00:04:52 (3111 turns).

Peloso the Shield-Bearer (Minotaur Fighter)         Turns: 3111, Time: 00:04:52

Health: 0/53       AC:  7    Str: 20 (21) XL:     6   Next: 3%
Magic:  5/5        EV:  8    Int:  3 (5)  God:
Gold:   133        SH:  9    Dex:  9 (11) Spells: 5/5 levels left

rFire    x . .     SeeInvis .   a - +0 long sword
rCold    + . .     Gourm    .   c - +0 shield
rNeg     . . .     Faith    .   b - +0 scale mail
rPois    .         Spirit   .   (helmet restricted)
rElec    .         Reflect  .   (no cloak)
rCorr    .         Harm     .   (no gloves)
MR       .....                  (no boots)
Stlth    ..........             (no amulet)
HPRegen  0.17/turn              p - ring of ice
MPRegen  0.09/turn              (no ring)

@: no status effects
A: retaliatory headbutt, horns 2
a: no special abilities


You were on level 4 of the Dungeon.
You were very hungry.

You visited 2 branches of the dungeon, and saw 5 of its levels.

You collected 133 gold pieces.

Inventory:

Hand Weapons
 a - a +0 long sword (weapon)
Armour
 b - a +0 scale mail (worn)
 c - a +0 shield (worn)
Jewellery
 p - a ring of ice (left hand)
 r - an uncursed ring of wizardry
Wands
 q - a wand of scattershot (4)
Scrolls
 e - 2 scrolls of remove curse {unknown}
 g - 2 scrolls of enchant weapon {unknown}
 i - 2 scrolls of identify {unknown}
 k - a scroll of teleportation {unknown}
 n - a scroll of magic mapping {unknown}
 o - a scroll of blinking {unknown}
Potions
 d - 2 potions of might
 h - a potion of curing
 l - 2 potions of lignification
Comestibles
 f - 9 rations


   Skills:
 + Level 4.4 Fighting
 + Level 4.2 Long Blades
 + Level 4.9 Armour
 + Level 2.0 Dodging
 + Level 0.3 Stealth
 + Level 5.3 Shields


You had 5 spell levels left.
You didn't know any spells.
Your spell library was empty.

Dungeon Overview and Level Annotations

Branches:
Dungeon (4/15)             Temple (1/1) D:4

Altars:
Ashenzari
Dithmenos
Fedhas
Gozag
Hepliaklqana
Makhleb
Nemelex Xobeh
Qazlal
Ru
Sif Muna
Trog
Wu Jian
Xom
Zin


Innate Abilities, Weirdness & Mutations

You reflexively headbutt those who attack you in melee.
You have a pair of horns on your head.


Message History

You hit the centaur. You headbutt the centaur!
The centaur is almost dead.
You feel sick.
The centaur hits you with a +0 hand axe.
* * * LOW HITPOINT WARNING * * *
The worker ant barely misses you. The centaur completely misses you.
The worker ant bites you.
* * * LOW HITPOINT WARNING * * *
You feel better.
The centaur hits you with a +0 hand axe.
* * * LOW HITPOINT WARNING * * *
The worker ant bites you.
* * * LOW HITPOINT WARNING * * *
Unknown command.
You barely miss the centaur.
The centaur is almost dead.
The centaur hits you but does no damage.
The worker ant closely misses you.
The centaur hits you with a +0 hand axe.
You die...

#.# ##..# ##.....##
###.# #.####...#
##...## #.#
#.##...#.# ##+# #.#
#.##.#...# .# #.#
#........# .# #.#
####.##### ##<####
#.# #.# ##.....## #.#
#.......##
#.###########@......#
#...........a†c......
#########.###...#...#
#.# #(.## .##
#.###(..# ##..(#.#.#
#####.### .. ###


You could see a centaur and a worker ant.

Vanquished Creatures
  2 centaur skeletons (D:4)
  3 gnolls
  8 adders
  2 oozes
  An adder skeleton (D:4)
  2 worms
  A dart slug (D:4)
  A leopard gecko (D:3)
  3 orcs
  7 bats
  5 giant cockroaches
  11 goblins
  9 hobgoblins
  8 jackals (D:3)
  14 kobolds
  A quokka (D:2)
  2 ball pythons
  5 frilled lizards
  12 rats
97 creatures vanquished.

Notes
Turn   | Place    | Note
-------+----------+-------------------------------------------
     0 | D:1      | Peloso the Minotaur Fighter began the quest for the Orb.
     0 | D:1      | Reached XP level 1. HP: 19/19 MP: 0/0
    99 | D:1      | Reached skill level 4 in Shields
   102 | D:1      | Reached XP level 2. HP: 13/27 MP: 1/1
   801 | D:1      | Reached XP level 3. HP: 18/33 MP: 2/2
   954 | D:2      | Reached skill level 1 in Dodging
  1013 | D:2      | Reached XP level 4. HP: 11/40 MP: 3/3
  1479 | D:2      | Found a blossoming altar of Fedhas.
  1596 | D:3      | Reached XP level 5. HP: 44/47 MP: 4/4
  1805 | D:3      | Reached skill level 5 in Shields
  2692 | D:4      | Found a staircase to the Ecumenical Temple.
  2731 | Temple   | Entered the Ecumenical Temple
  3099 | D:4      | Noticed a centaur
  3108 | D:4      | Reached XP level 6. HP: 12/53 MP: 5/5
  3109 | D:4      | HP: 2/53 [worker ant (6)]
  3111 | D:4      | Slain by a centaur

Levels and vault maps discovered:
D:1:      dpeg_arrival_short_road, layout_basic
D:2:      layout_rooms, marbit_many_paths, first_ration, minmay_split_cup_large
D:3:      layout_basic
D:4:      layout_loops_corners, lemuel_zombie_altar_yredelemnul,
          minmay_temple_entry_junction_2,
          nicolae_dithmenos_through_a_glass_darkly
Temple:   dshaligram_water_room_temple

Skill      XL: |  1  2  3  4  5 |
---------------+----------------+-----
Shields        | 4 5 |  5.3
Fighting       | 4 |  4.4
Armour         | 4 |  4.9
Dodging        | 1 2 |  2.0
Long Blades    | 3 4 |  4.2
Stealth        | |  0.3

Action                   |  1- 3 |  4- 6 || total
-------------------------+-------+-------++-------
Melee: Long sword        |    81 |   150 ||   231
       Headbutt          |    17 |    23 ||    40
  Use: Potion            |       |     7 ||     7
  Eat: Chunk             |       |     6 ||     6
Armor: Scale mail        |    60 |    61 ||   121
Dodge: Dodged            |    48 |    56 ||   104
Block: Shield            |    58 |    96 ||   154
       Rpst.: Long sword |     9 |    18 ||    27
